Map: Port Aleksander LE

Players

Virus

  • Race: Zerg Zerg
  • League: Diamond
  • Spawn Location: 11:00

Stropheum - Winner!

  • Race: Zerg Zerg
  • League: Master
  • Spawn Location: 5:00

VOD

Have the link to the VOD?

Description

Time

  • Played on: April 24, 2019, 1:37 p.m.
  • Length: 17:26
Show
View Real Time Build Order
Export as new Build Order

Virus Zerg 

Build Orders: Hatch First 

Get SALT Encoding   

  12  0:00  Drone  
  13  0:13  Overlord  
  13  0:18  Drone  
  14  0:31  Drone x2  
  16  0:35  Drone  
  17  0:54  Hatchery  
  17  0:57  Drone  
  17  1:00  Extractor  
  17  1:02  Drone  
  17  1:17  Spawning Pool  
  16  1:18  Drone  
  16  1:22  Drone  
  18  1:29  Drone  
  19  1:40  Overlord  
  19  1:51  Drone  
  20  2:03  Drone, Queen  
  20  2:04  Metabolic Boost  
  23  2:09  Queen  
  23  2:13  Drone  
  23  2:14  Drone  
  27  2:20  Drone  
  28  2:29  Zergling x4  
  30  2:42  Hatchery  
  29  2:44  Drone  
  29  2:45  Drone  
  31  2:56  Baneling Nest  
  30  2:58  Drone x2  
  30  2:59  Drone  
  30  3:02  Drone  
  34  3:06  Drone  
  35  3:14  Overlord  
  35  3:22  Zergling x2  
  35  3:23  Overlord  
  35  3:25  Extractor  
  35  3:28  Zergling x2, Extractor  
  35  3:29  Zergling x2  
  38  3:37  Queen  
  38  3:40  Baneling  
  40  3:42  Zergling x2  
  40  3:43  Zergling x8  
  45  3:52  Zergling x6  
  45  3:53  Baneling  
  45  3:55  Queen  
  50  4:03  Zergling x6  
  53  4:10  Baneling  
  51  4:19  Baneling  
  51  4:20  Baneling  
  49  4:28  Drone x5  
  49  4:29  Drone x3  
  50  4:32  Baneling  
  50  4:39  Drone x2, Extractor  
  50  4:40  Drone, Overlord  
  50  4:41  Zergling x4  
  51  4:56  Lair  
  51  4:59  Drone  
  52  5:00  Drone x2, Extractor  
  52  5:01  Overlord  
  52  5:02  Baneling  
  52  5:08  Zergling x2  
  52  5:09  Zergling x20  
  62  5:14  Baneling x3  
  62  5:15  Zergling x2  
  63  5:33  Baneling x2  
  62  5:42  Drone x3  
  65  5:43  Drone, Overlord x2  
  65  5:47  Roach Warren  
  63  5:56  Baneling  
  61  6:01  Baneling x2  
  60  6:07  Drone x3  
  60  6:08  Drone x6  
  60  6:10  Baneling x3  
  69  6:15  Extractor  
  69  6:18  Extractor  
  69  6:19  Extractor  
  69  6:25  Baneling x3  
  67  6:28  Zergling x12  
  67  6:32  Drone  
  72  6:37  Spire  
  65  7:03  Zergling x12  
  65  7:04  Zergling x10  
  73  7:08  Baneling x3  
  71  7:20  Drone x7  
  77  7:23  Baneling x4  
  77  7:27  Queen  
  77  7:28  Overseer  
  74  7:48  Mutalisk x2  
  74  7:49  Mutalisk x7  
  88  7:56  Spine Crawler x2  
  88  7:57  Spine Crawler  
  82  7:59  Mutalisk, Spine Crawler  
  82  8:03  Queen  
  78  8:06  Zerg Flyer Armor Level 1  
  78  8:12  Mutalisk  
  80  8:15  Zergling x2  
  80  8:16  Zergling x16  
  89  8:26  Overlord x2  
  89  8:43  Overlord x3  
  89  8:54  Mutalisk x6, Hatchery  
  100  9:03  Baneling  
  100  9:04  Baneling x4  
  100  9:06  Mutalisk  
  99  9:20  Zergling x2  
  99  9:21  Zergling x16  
  107  9:35  Mutalisk x3  
  113  9:50  Mutalisk x3  
  113  9:51  Mutalisk  
  121  9:59  Mutalisk  
  102  10:09  Mutalisk x2  
  102  10:14  Drone x6  
  104  10:15  Drone, Queen  
  109  10:24  Zerg Flyer Armor Level 2  
  109  10:26  Zergling x4  
  109  10:27  Zergling x6  
  114  10:31  Baneling x2  
  114  10:36  Overlord  
  114  10:37  Mutalisk, Overlord x2  
  114  10:49  Infestation Pit  
  113  10:50  Mutalisk  
  113  10:52  Zergling x2  
  113  10:53  Zergling x12  
  120  11:13  Mutalisk x4  
  127  11:21  Baneling x3  
  127  11:22  Baneling  
  127  11:31  Mutalisk  
  122  11:38  Mutalisk  
  122  11:39  Mutalisk  
  118  11:46  Extractor x2  
  115  11:53  Drone x3  
  117  11:54  Drone x3  
  117  11:55  Mutalisk x2  
  124  12:04  Zergling x16  
  131  12:19  Hatchery  
  126  12:24  Mutalisk  
  126  12:25  Mutalisk x5  
  126  12:29  Spore Crawler  
  133  12:30  Spore Crawler  
  133  12:32  Spore Crawler  
  118  12:38  Mutalisk x2  
  118  12:44  Drone x3  
  118  12:45  Drone x6  
  118  12:46  Drone  
  113  13:08  Mutalisk x6  
  113  13:11  Drone  
  113  13:12  Overlord x5  
  123  13:16  Zerg Flyer Weapons Level 1  
  119  13:29  Extractor  
  118  13:34  Zergling x8  
  118  13:35  Zergling x6  
  118  13:36  Zergling x6  
  118  13:40  Extractor  
  127  13:42  Extractor  
  127  13:46  Mutalisk x2  
  130  13:51  Drone x2  
  130  13:52  Drone  
  130  13:53  Mutalisk  
  133  14:07  Extractor  
  132  14:12  Baneling x2  
  132  14:13  Baneling  
  130  14:18  Overlord x3  
  130  14:25  Spore Crawler x2  
  128  14:34  Hive  
  128  14:40  Baneling  
  128  14:41  Baneling x9  
  128  14:49  Mutalisk  
  128  14:50  Mutalisk x5  
  138  15:00  Mutalisk x3  
  119  15:16  Zergling x2  
  119  15:17  Zergling x16  
  128  15:27  Drone x3  
  131  15:35  Hydralisk Den  
  130  15:45  Overseer  
  93  16:27  Corruptor x10  
  93  16:32  Drone  
  110  16:33  Drone x2  
Show
View Real Time Build Order
Export as new Build Order

Stropheum Zerg - Winner!

Build Orders: Hatch First 

Get SALT Encoding   

  12  0:01  Drone  
  13  0:13  Overlord  
  13  0:18  Drone  
  14  0:31  Drone x2  
  14  0:35  Drone  
  17  0:54  Hatchery  
  16  0:57  Drone  
  16  1:00  Drone  
  18  1:11  Extractor  
  17  1:16  Spawning Pool  
  16  1:20  Drone  
  16  1:23  Drone  
  18  1:29  Drone  
  19  1:39  Overlord  
  19  2:06  Queen x2  
  19  2:07  Drone x3  
  26  2:14  Metabolic Boost  
  26  2:16  Drone  
  26  2:18  Drone  
  29  2:22  Drone  
  29  2:28  Drone  
  30  2:48  Hatchery  
  30  2:50  Drone  
  31  2:51  Zergling x6  
  31  2:55  Overlord  
  33  3:00  Overlord  
  33  3:11  Baneling Nest  
  33  3:12  Queen  
  34  3:20  Drone x2  
  34  3:21  Overlord  
  36  3:30  Zergling x10  
  41  3:42  Zergling x6  
  43  3:55  Zergling x2  
  43  3:56  Zergling x10  
  43  3:58  Baneling  
  49  4:03  Baneling  
  49  4:05  Drone, Overlord  
  49  4:21  Drone  
  49  4:22  Drone x7  
  55  4:27  Queen  
  51  4:37  Evolution Chamber  
  47  4:42  Baneling  
  47  4:45  Drone x7  
  53  4:52  Extractor  
  53  4:54  Extractor  
  50  5:01  Zergling x2  
  50  5:02  Zergling x16, Queen  
  60  5:15  Zergling x12  
  62  5:37  Zerg Ground Armor Level 1  
  62  5:38  Drone x5  
  67  5:45  Zergling x10  
  67  6:01  Zergling x12  
  70  6:05  Lair  
  70  6:07  Drone x3  
  70  6:10  Baneling x4, Extractor  
  72  6:12  Overlord x3  
  68  6:36  Zergling x2  
  68  6:37  Zergling x20  
  78  6:43  Drone x4  
  78  6:44  Spine Crawler  
  78  6:56  Baneling x5  
  78  7:00  Spore Crawler  
  77  7:02  Spore Crawler x2  
  77  7:04  Spore Crawler  
  77  7:05  Spire, Spore Crawler  
  77  7:07  Spore Crawler  
  68  7:10  Drone x4  
  68  7:12  Drone x2  
  71  7:25  Overlord x3  
  69  7:30  Zergling x8  
  65  8:02  Drone x7  
  65  8:03  Drone x2  
  72  8:06  Extractor  
  72  8:07  Extractor  
  72  8:10  Pneumatized Carapace  
  70  8:18  Zerg Flyer Armor Level 1  
  70  8:19  Mutalisk x8  
  72  8:24  Mutalisk  
  87  8:31  Mutalisk  
  87  8:35  Overlord x2  
  87  8:36  Overlord x2  
  83  8:50  Zergling x4  
  83  8:51  Zergling x4  
  87  9:00  Mutalisk x3  
  92  9:17  Hatchery  
  92  9:20  Mutalisk x3  
  97  9:30  Mutalisk  
  99  9:32  Zergling x2  
  99  9:33  Zergling x16  
  108  9:39  Mutalisk  
  108  9:40  Mutalisk  
  108  9:42  Drone x4  
  108  9:43  Drone  
  108  9:45  Baneling x3  
  117  9:51  Overlord  
  117  9:52  Overlord  
  111  10:04  Mutalisk  
  111  10:05  Mutalisk x2  
  104  10:12  Zerg Flyer Weapons Level 1  
  104  10:14  Mutalisk  
  106  10:29  Mutalisk x2  
  106  10:30  Spore Crawler x2  
  106  10:31  Drone x4  
  106  10:32  Drone x9  
  121  10:40  Zergling x2  
  121  10:41  Zergling x2  
  120  10:49  Spore Crawler  
  119  10:50  Drone x4, Spine Crawler  
  120  11:03  Mutalisk x2  
  120  11:04  Mutalisk x3  
  125  11:11  Zergling x8  
  125  11:16  Centrifical Hooks, Baneling x4  
  127  11:22  Drone  
  127  11:23  Drone x6  
  127  11:25  Extractor  
  133  11:26  Mutalisk x2, Extractor  
  133  11:40  Mutalisk  
  133  11:41  Infestation Pit  
  133  11:45  Zergling x22  
  143  11:57  Extractor  
  143  11:59  Spine Crawler  
  143  12:01  Spine Crawler  
  140  12:04  Mutalisk x2  
  140  12:05  Mutalisk x2  
  148  12:13  Zerg Flyer Armor Level 2  
  148  12:16  Zergling x16  
  152  12:27  Mutalisk x3  
  156  12:33  Mutalisk  
  142  12:39  Mutalisk  
  140  12:55  Hive  
  139  13:01  Mutalisk x3  
  139  13:03  Overlord x6  
  139  13:04  Drone x4  
  146  13:09  Hatchery  
  131  13:18  Drone x6  
  132  13:23  Spine Crawler  
  131  13:37  Mutalisk  
  131  13:38  Mutalisk x7  
  147  13:44  Spine Crawler  
  147  13:46  Overlord x2  
  147  13:47  Zergling x6  
  147  13:48  Zergling x2  
  150  13:54  Spine Crawler  
  145  14:17  Viper x4  
  145  14:22  Mutalisk x2  
  161  14:29  Zerg Flyer Weapons Level 2  
  161  14:40  Mutalisk x2  
  165  14:46  Spore Crawler  
  159  14:59  Mutalisk x4  
  159  15:06  Mutalisk x2, Spore Crawler  
  160  15:07  Spore Crawler  
  160  15:08  Spore Crawler  
  160  15:10  Spine Crawler  
  139  15:16  Drone  
  139  15:17  Drone x8  
  139  15:19  Mutalisk x2  
  152  15:30  Drone  
  152  15:31  Drone x9  
  152  15:32  Zergling x2  
  152  15:33  Zergling x6  
  166  15:40  Mutalisk x2, Evolution Chamber  
  166  15:41  Mutalisk  
  159  16:07  Mutalisk x5  
  156  16:20  Zergling x18  
  156  16:21  Zergling x18  
  174  16:32  Mutalisk x5  
  185  16:40  Zergling x4  
  186  16:55  Mutalisk x5  
Tags
 
Add a new tag
Caveats
  • Supply blocks, unpowered buildings, or Contaminate may cause inaccurate times.
  • Supply counts are checked every 10 seconds.